 Dungeon Crawl Stone Soup version 0.29.1-4-g47bece8355 (webtiles) character file.

Game seed: 7499734588640897882

16293 IcyTea the Severer (level 12, -4/101 HPs)
             Began as a Hill Orc Fighter on Dec 9, 2022.
             Was a High Priest of Okawaru.
             Slain by a skeletal warrior
             ... wielding a +0 battleaxe
              (20 damage)
             ... in the Arena.
             The game lasted 01:07:11 (12763 turns).

IcyTea the Severer (Hill Orc Fighter)              Turns: 12763, Time: 01:07:11

Health: -4/101     AC: 26    Str: 22    XL:     12   Next: 36%
Magic:  11/17      EV:  8    Int: 26    God:    Okawaru [*****.]
Gold:   1406       SH:  5    Dex: 10    Spells: 11/16 levels left

rFire   . . .      SeeInvis .   b - +4 war axe (vorpal)
rCold   . . .      Faith    .   c - +1 buckler
rNeg    . . .      Spirit   .   C - +8 chain mail of the Skies Above {Int+4}
rPois   .          Reflect  .   I - +0 helmet
rElec   .          Harm     .   K - +0 cloak
rCorr   .          Rampage  .   R - +1 pair of gloves
Will    .....                   B - +0 pair of boots
Stlth   ..........              p - amulet of magic regeneration
HPRegen 0.26/turn               q - +6 ring of intelligence
MPRegen 0.55/turn               x - +6 ring of intelligence

@: duelling
A: screaming 1, no potion heal 1
a: Renounce Religion, Heroism, Finesse, Duel


You were in the Arena.
You worshipped Okawaru.
Okawaru was extremely pleased with you.
You visited 2 branches of the dungeon, and saw 13 of its levels.
You also visited: Bailey.

You collected 1406 gold pieces.

Inventory:

Hand Weapons
 b - a +4 vorpal war axe (weapon)
 m - a +0 battleaxe
 y - a +3 war axe
 J - a +5 spear of flaming
 P - the +2 short sword of Indomitability {holy, *Rage rElec Will+ Int+8}
   (You found it on level 10 of the Dungeon)

   It has been blessed by the Shining One to cause great damage to the undead
   and demons.
   Int:       It affects your intelligence (+8).
   rElec:     It insulates you from electricity.
   *Rage:     It berserks you when you make melee attacks (+20% chance).
   Will:      It increases your willpower.
Missiles
 e - 49 poisoned darts
 l - a throwing net
 F - 3 javelins
 T - 2 silver javelins
 U - a curare-tipped dart
Armour
 c - a +1 buckler (worn)
 B - a +0 pair of boots (worn)
 C - the +8 chain mail of the Skies Above (worn) {Int+4}
   (You found it on level 6 of the Dungeon)

   Int:       It affects your intelligence (+4).
 I - a +0 helmet (worn)
 K - a +0 cloak (worn)
 R - a +1 pair of gloves (worn)
Jewellery
 i - a ring of fire
 p - an amulet of magic regeneration (around neck)
 q - a +6 ring of intelligence (left hand)
 x - a +6 ring of intelligence (right hand)
 S - a ring of fire
Wands
 s - a wand of paralysis (5)
 t - a wand of quicksilver (1)
 A - a wand of digging (6)
 G - a wand of iceblast (4)
 O - a wand of polymorph (5)
Scrolls
 a - 3 scrolls of blinking
 j - a scroll of vulnerability
 k - 6 scrolls of teleportation
 o - 2 scrolls of summoning
 r - 3 scrolls of fog
 w - 3 scrolls of identify
 D - 5 scrolls of enchant armour
 E - 3 scrolls of immolation
 Q - a scroll of brand weapon
Potions
 d - 3 potions of might
 f - 4 potions of haste
 g - 2 potions of attraction
 n - 3 potions of curing
 u - a potion of magic {unknown}
 v - a potion of resistance
 z - a potion of cancellation
 H - a potion of lignification
 M - a potion of berserk rage
 N - a potion of flight
Miscellaneous
 h - a tin of tremorstones (2/2)
 L - a condenser vane


   Skills:
 - Level 8.0 Fighting
 - Level 16.0 Axes
 - Level 2.6 Throwing
 - Level 10.0 Armour
 - Level 3.2 Shields
 + Level 2.8 Spellcasting
 - Level 5.4 Conjurations
 - Level 2.7 Translocations
 - Level 5.1 Fire Magic
 - Level 7.0 Invocations
 - Level 3.3 Evocations


You had 11 spell levels left.
You knew the following spells:

 Your Spells              Type           Power      Damage    Failure   Level
a - Apportation           Tloc           34%        N/A       26%         1
b - Conjure Flame         Conj/Fire      31%        6-21      26%         3
c - Foxfire               Conj/Fire      100%       2x1d9     9%          1

Your spell library contained the following spells:

 Spells                   Type           Power      Damage    Failure   Level
 Magic Dart               Conj           100%       1d8       9%          1
 Searing Ray              Conj           64%        2d6       13%         2
 Shock                    Conj/Air       68%        1d7       26%         1
 Static Discharge         Conj/Air       17%        3-6/arc   36%         2
 Stone Arrow              Conj/Erth      34%        3d9       58%         3
 Necrotise                Necr           12%        1d4       61%         1
 Sandblast                Erth           6%         2d5       61%         1
 Gell's Gravitas          Tloc           17%        N/A       61%         3
 Lesser Beckoning         Tloc           17%        N/A       61%         3
 Teleport Other           Tloc           17%        N/A       61%         3
 Inner Flame              Hex/Fire       16%        N/A       63%         3
 Flame Wave               Conj/Fire      31%        2d9       65%         4
 Ensorcelled Hibernation  Hex/Ice        6%         N/A       75%         2
 Passwall                 Tmut/Erth      2%         N/A       75%         2
 Confusing Touch          Hex            3%         N/A       93%         3
 Swiftness                Air            3%         N/A       93%         3
 Iskenderun's Battlesphe  Conj           32%        2d8       93%         5
 Fulminant Prism          Conj/Hex       8%         3d7       94%         4
 Fireball                 Conj/Fire      15%        3d8       94%         5
 Airstrike                Air            1%         2d(1-17)  100%        4
 Lightning Bolt           Conj/Air       8%         1d21      100%        5
 Yara's Violent Unravell  Hex/Tmut       1%         3d3       100%        5
 Conjure Ball Lightning   Conj/Air       8%         3x3d6     100%        6
 Enfeeble                 Hex            1%         N/A       100%        7
 Orb of Destruction       Conj           16%        9d7       100%        7
 Maxwell's Capacitive Co  Air            1%         ∞         100%        8
 Summon Small Mammal      Summ           Unusable   N/A       N/A         1
 Call Canine Familiar     Summ           Unusable   N/A       N/A         3
 Summon Guardian Golem    Hex/Summ       Unusable   N/A       N/A         3
 Summon Lightning Spire   Summ/Air       Unusable   N/A       N/A         4
 Summon Forest            Summ/Tloc      Unusable   N/A       N/A         5
 Summon Mana Viper        Hex/Summ       Unusable   N/A       N/A         5
 Summon Cactus Giant      Summ           Unusable   N/A       N/A         6
 Malign Gateway           Summ/Tloc      Unusable   N/A       N/A         7
 Summon Horrible Things   Summ           Unusable   N/A       N/A         8

Dungeon Overview and Level Annotations

Branches:
Dungeon (12/15)            Temple (1/1) D:7            Lair (0/5) D:9
 Bailey (visited)
    Orc: D:9-12

Altars:
Ashenzari
Cheibriados
Dithmenos
Elyvilon
Fedhas
Gozag
Hepliaklqana
Kikubaaqudgha
Makhleb
Nemelex Xobeh
Okawaru
Qazlal
Ru
Sif Muna
Trog
Uskayaw
Vehumet
Wu Jian
Xom
Yredelemnul
Zin
The Shining One

Shops:
D:6 *

Annotations:
D:5 Menkaure


Innate Abilities, Weirdness & Mutations

You occasionally shout uncontrollably at your foes.
Potions are less effective at restoring your health.


Message History

You block the skeletal warrior's attack.
The skeletal warrior attacks as you move away!
The skeletal warrior hits you with a +0 mace.
The skeletal warrior attacks as you move away!
The skeletal warrior hits you but does no damage.
The skeletal warrior attacks as you move away!
The skeletal warrior hits you with a +0 flail!
* * * LOW HITPOINT WARNING * * *
The skeletal warrior attacks as you move away!
You block the skeletal warrior's attack.
The skeletal warrior attacks as you move away!
The skeletal warrior hits you with a +0 flail.
* * * LOW HITPOINT WARNING * * *
The skeletal warrior attacks as you move away!
The skeletal warrior hits you but does no damage.
The skeletal warrior attacks as you move away!
The skeletal warrior hits you but does no damage.
You slash the skeletal warrior!
The skeletal warrior is heavily damaged.
You hit the skeletal warrior.
The skeletal warrior is severely damaged.
The skeletal warrior hits you with a +0 mace!
* * * LOW HITPOINT WARNING * * *
Aiming: Duel (41% risk of failure)
Press: ? - help, Dir - move target, f - skeletal warrior
Aim: a skeletal warrior, wielding a +0 battleaxe You enter into single combat with the skeletal warrior!
The world spins around you as you enter the gateway.
You enter Okawaru's Arena!
The spectator shouts! x7
You block the skeletal warrior's attack.
Found a gate leading back out of this place.
There is an empty arch of ancient stone here.
You slash the skeletal warrior!
The skeletal warrior is moderately damaged.
You hit the skeletal warrior but do no damage.
The skeletal warrior is moderately damaged.
The skeletal warrior hits you with a +0 battleaxe!!
You die...
Okawaru crowns the skeletal warrior victorious!

###########
#.p.▓∩▓.p.# ##
▓▓▓▓▓▓▓▓▓ ##
#.▓ ....... ▓.#
#p▓.#.....#.▓p#
#.▓.........▓.#
#▓▓.........▓▓#
#p▓....@....▓p#
#▓▓...z.....▓▓#
#.▓.........▓.#
#p▓.#.....#.▓p#
#.▓ ....... ▓.#
## ▓▓▓▓▓▓▓▓▓ ##
#.p.▓p▓.p.#
###########


You could see a skeletal warrior.

Vanquished Creatures
  A two-headed ogre (D:11)
  2 orc high priests (Bailey)
  The ghost of ripuliukko the Geomancer, a novice GrEE of Vehumet (D:9)
  Pikel (D:5)
  A manticore (D:11)
  A cyclops (D:11)
  A gargoyle (D:10)
  3 kobold demonologists
  Psyche (D:8)
  3 trolls
  A hornet (D:9)
  A yak (shapeshifter) (D:11)
  A vampire (D:11)
  13 yaks
  A wyvern (D:8)
  3 steam dragons
  3 vampire mosquitoes (D:12)
  A water moccasin (D:8)
  Duvessa (D:7)
  An ice beast (D:6)
  11 orc warriors
  3 sky beasts
  An ogre (D:7)
  2 black bears (D:5)
  A wolf (D:9)
  4 lemures (D:5)
  9 centaurs
  A boggart (D:11)
  6 kobold brigands
  8 bullfrogs
  6 necrophages
  3 gnoll sergeants
  4 scorpions
  13 wights
  Dowan (D:7)
  11 killer bees
  8 howler monkeys
  6 electric eels
  2 centaur zombies (D:6)
  6 hounds
  2 jellies
  5 orc priests
  A gnoll bouda (D:8)
  6 iguanas
  7 orc wizards
  20 gnolls
  4 adders
  A shadow imp (D:6)
  3 white imps
  An ufetubus (D:6)
  5 worms
  7 dart slugs
  35 orcs
  5 ball pythons
  2 bats
  7 endoplasms
  2 giant cockroaches (D:1)
  17 goblins
  12 hobgoblins
  6 jackals (D:1)
  43 kobolds
  6 quokkas
  4 frilled lizards
  2 rats
  A bush (D:6)
351 creatures vanquished.

Vanquished Creatures (others)
  A wyvern (D:8)
  A hound (D:9)
  A kobold (D:6)
  A bush (D:6)
  45 foxfires
  7 plants (D:6)
56 creatures vanquished.

Grand Total: 407 creatures vanquished

Notes
Turn   | Place    | Note
-------+----------+-------------------------------------------
     0 | D:1      | IcyTea the Hill Orc Fighter began the quest for the Orb.
     0 | D:1      | Reached XP level 1. HP: 19/19 MP: 1/1
    32 | D:1      | Reached skill level 3 in Axes
   222 | D:1      | Found a faded altar of an unknown god.
   230 | D:1      | Reached XP level 2. HP: 26/26 MP: 2/2
   244 | D:1      | Reached skill level 4 in Axes
   524 | D:1      | Reached XP level 3. HP: 17/31 MP: 3/3
   884 | D:1      | Reached skill level 5 in Axes
  1250 | D:2      | Reached XP level 4. HP: 25/39 MP: 4/4
  1551 | D:2      | Reached skill level 6 in Axes
  1609 | D:2      | Found a burning altar of Makhleb.
  1894 | D:3      | Reached XP level 5. HP: 33/45 MP: 5/5
  1898 | D:3      | Reached skill level 7 in Axes
  1911 | D:3      | Learned a level 1 spell: Apportation
  1913 | D:3      | Learned a level 1 spell: Necrotise
  2668 | D:4      | Found a shadowy altar of Dithmenos.
  2741 | D:4      | Found a snail-covered altar of Cheibriados.
  2812 | D:4      | Found a bloodstained altar of Trog.
  2842 | D:4      | Found a broken altar of Ashenzari.
  2889 | D:4      | Reached skill level 8 in Axes
  2889 | D:4      | Reached XP level 6. HP: 51/51 MP: 6/6
  3325 | D:5      | Entered Level 5 of the Dungeon
  3325 | D:5      | Noticed Menkaure
  3514 | D:5      | Noticed Pikel
  3526 | D:5      | Killed Pikel
  3527 | D:5      | Reached skill level 11 in Axes
  3527 | D:5      | Reached XP level 7. HP: 28/57 MP: 7/7
  3585 | D:5      | Reached XP level 8. HP: 44/64 MP: 8/8
  3723 | D:4      | Reached skill level 12 in Axes
  4160 | D:5      | Found a glowing golden altar of the Shining One.
  4180 | D:5      | Reached skill level 13 in Axes
  4665 | D:6      | Reached skill level 14 in Axes
  4679 | D:6      | Reached XP level 9. HP: 63/70 MP: 9/9
  4900 | D:6      | Found a blossoming altar of Fedhas.
  4945 | D:6      | Reached skill level 15 in Axes
  5056 | D:6      | Learned a level 1 spell: Foxfire
  5084 | D:6      | Identified the +8 chain mail of the Skies Above {Int+4}
  5167 | D:6      | Gained mutation: Your spells are a little easier to cast,
                  | but a little less powerful. [potion of mutation]
  5167 | D:6      | Gained mutation: You have hidden genetic defects. [potion
                  | of mutation]
  5168 | D:6      | Lost mutation: Your spells are a little easier to cast, but
                  | a little less powerful. [potion of mutation]
  5168 | D:6      | Lost mutation: You have hidden genetic defects. [potion of
                  | mutation]
  5168 | D:6      | Gained mutation: You possess an exceptional clarity of
                  | mind. [potion of mutation]
  5168 | D:6      | Gained mutation: You are weak. (Str -2) [potion of
                  | mutation]
  5190 | D:6      | Found an ornate altar of the Wu Jian Council.
  5220 | D:6      | Found Jutill's Overcharged Wands.
  5222 | D:6      | Found a shimmering altar of Xom.
  5224 | D:6      | Found a sacrificial altar of Ru.
  5272 | D:6      | Reached skill level 16 in Axes
  5279 | D:6      | Reached skill level 1 in Fire Magic
  5329 | D:6      | Found an iron altar of Okawaru.
  5364 | D:6      | Became a worshipper of Warmaster Okawaru
  5666 | D:7      | Noticed Dowan
  5669 | D:7      | Noticed Duvessa
  5670 | D:7      | Found a staircase to the Ecumenical Temple.
  5679 | D:7      | Reached skill level 1 in Conjurations
  5679 | D:7      | Killed Dowan
  5699 | D:7      | Killed Duvessa
  6040 | Temple   | Entered the Ecumenical Temple
  6156 | D:7      | Reached skill level 1 in Spellcasting
  6166 | D:7      | Reached * piety under Okawaru
  6172 | D:7      | Reached skill level 1 in Invocations
  6179 | D:7      | Reached XP level 10. HP: 46/77 MP: 13/13
  6476 | D:7      | Reached skill level 5 in Armour
  6606 | D:7      | Found a glowing silver altar of Zin.
  6652 | D:7      | Found an opulent altar of Gozag.
  7010 | D:8      | Found a flagged portal.
  7058 | Bailey   | Entered a bailey
  7155 | Bailey   | Reached ** piety under Okawaru
  7346 | Bailey   | Noticed an orc high priest
  7514 | Bailey   | Found an iron altar of Okawaru.
  7519 | Bailey   | Noticed an orc high priest
  7520 | Bailey   | Noticed a smoke demon
  7523 | Bailey   | Gained mutation: You occasionally shout uncontrollably at
                  | your foes. [a neqoxec]
  7529 | Bailey   | Noticed a rust devil
  7535 | Bailey   | Killed an orc high priest
  7535 | Bailey   | Reached *** piety under Okawaru
  7545 | Bailey   | Killed an orc high priest
  7546 | Bailey   | Reached skill level 5 in Fighting
  7960 | D:8      | Noticed Psyche
  7973 | D:8      | Killed Psyche
  7974 | D:8      | Reached XP level 11. HP: 67/91 MP: 14/14
  7976 | D:8      | Reached **** piety under Okawaru
  8075 | D:8      | Lost mutation: You are weak. (Str -2) [potion of mutation]
  8075 | D:8      | Lost mutation: You possess an exceptional clarity of mind.
                  | [potion of mutation]
  8075 | D:8      | Lost mutation: You occasionally shout uncontrollably at
                  | your foes. [potion of mutation]
  8075 | D:8      | Gained mutation: Your magical capacity is low. (-10% MP)
                  | [potion of mutation]
  8075 | D:8      | Gained mutation: Potions are less effective at restoring
                  | your health. [potion of mutation]
  8075 | D:8      | Gained mutation: You expend magic power (3 MP) to
                  | strengthen your wands. [potion of mutation]
  8855 | D:8      | Acquired 533 gold pieces
  8860 | D:8      | Lost mutation: You expend magic power (3 MP) to strengthen
                  | your wands. [potion of mutation]
  8860 | D:8      | Lost mutation: Your magical capacity is low. (-10% MP)
                  | [potion of mutation]
  8860 | D:8      | Gained mutation: You occasionally shout uncontrollably at
                  | your foes. [potion of mutation]
  8967 | D:9      | Found a staircase to the Lair.
  8975 | D:9      | Reached skill level 5 in Fire Magic
  9547 | D:9      | Identified the +5 longbow of the Enemy {venom, Stlth+}
 10175 | D:9      | Found a large runed translucent door.
 10175 | D:9      | Found a large runed translucent door.
 10179 | D:9      | Noticed ripuliukko's ghost (novice GrEE)
 10221 | D:9      | Found a shimmering blue altar of Sif Muna.
 10389 | D:9      | Killed ripuliukko's ghost
 10389 | D:9      | Reached ***** piety under Okawaru
 10390 | D:9      | Reached skill level 10 in Armour
 10464 | D:10     | Entered Level 10 of the Dungeon
 10505 | D:10     | Reached skill level 1 in Evocations
 10673 | D:10     | Identified the +2 short sword of Indomitability {holy,
                  | *Rage rElec Will+ Int+8}
 10712 | D:10     | Identified the +4 rapier of Kucvu {freeze, +Blink Int-5
                  | Stlth+} (Okawaru gifted it to you on level 10 of the
                  | Dungeon)
 10712 | D:10     | Received a gift from Okawaru
 11260 | D:10     | Reached skill level 5 in Conjurations
 11514 | D:10     | Learned a level 3 spell: Conjure Flame
 11923 | D:11     | Noticed a manticore
 11941 | D:11     | Killed a manticore
 11942 | D:11     | Reached skill level 1 in Throwing
 11942 | D:11     | Reached XP level 12. HP: 94/100 MP: 12/15
 12041 | D:11     | Noticed a two-headed ogre
 12051 | D:11     | Killed a two-headed ogre
 12052 | D:11     | Reached skill level 5 in Invocations
 12695 | D:12     | Received a gift from Okawaru
 12761 | Arena    | Entered the Arena
 12763 | Arena    | Slain by a skeletal warrior

Illustrated notes

Levels and vault maps discovered:
D:1:      evilmike_arrival_crescent, layout_basic, basic_ecumenical_altar,
          minmay_misc_feat_cross
D:2:      layout_basic, basic_altar
D:3:      layout_basic, kennysheep_cluttered_room
D:4:      layout_basic, mainiacjoe_overflow_catwalk, bloody_trog,
          mainiacjoe_overflow_small_starburst, mainiacjoe_overflow_alcove_4
D:5:      layout_rooms, mainiacjoe_overflow_tiny_flanked, serial_rivers,
          chequers_serial_rivers_small_b, chequers_serial_rivers_room_a,
          chequers_serial_rivers_micro_e, chequers_serial_rivers_large_a,
          chequers_serial_rivers_marsh, hangedman_decor_diamond_cutter,
          uniq_menkaure, uniq_pikel
D:6:      cheibrodos_thug_alley, layout_cave_pools, fedhas_altar_decomposition,
          kennysheep_okawaru_gauntlet, nicolae_overflow_hidden_temple,
          serial_glass, glass_columns_c, glass_columns_c,
          nicolae_shop_overcharged_wands
D:7:      layout_basic, grunt_gozag_breadcrumbs, zin_statuary,
          minmay_temple_entry_overgrown, uniq_duvessa
D:8:      layout_cave_pools, enter_bailey_7, kennysheep_kite_vault, uniq_psyche
D:9:      layout_basic, led_sif_pool, erik_lair_island,
          ebering_ghost_disaster_area, glass_columns_a, minivault_26
D:10:     layout_irregular_city
D:11:     layout_small_grid, minmay_radiant
D:12:     layout_long_grid, orc_0_dummy
Temple:   chequers_temple_sunken
Arena

Skill      XL: |  1  2  3  4  5  6  7  8  9 10 11 12 |
---------------+-------------------------------------+-----
Axes           | 3 4 5 6 8 11 14 16 | 16.0
Fire Magic     | 3 5 |  5.1
Conjurations   | 2 5 |  5.4
Spellcasting   | 2 |  2.8
Invocations    | 2 4 7 |  7.0
Armour         | 8 10 | 10.0
Translocations | 2 |  2.7
Fighting       | 6 7 8 |  8.0
Evocations     | 3 |  3.3
Throwing       | 1 2 |  2.6
Shields        | |  3.2

Action                   |  1- 3 |  4- 6 |  7- 9 | 10-12 || total
-------------------------+-------+-------+-------+-------++-------
Melee: War axe           |    89 |   122 |   241 |   510 ||   962
Throw: Javelin           |       |       |     6 |     1 ||     7
       Dart              |       |       |     4 |    12 ||    16
 Cast: Foxfire           |       |       |     1 |    25 ||    26
Invok: Heroism           |       |       |       |     4 ||     4
       Duel              |       |       |       |     1 ||     1
  Use: Scroll            |     3 |     6 |     3 |     6 ||    18
       Potion            |     1 |     1 |     5 |     8 ||    15
Armor: Scale mail        |    39 |    41 |    39 |       ||   119
       Chain mail        |       |       |    38 |   326 ||   364
Dodge: Dodged            |    43 |    52 |    77 |   155 ||   327
Block: Buckler           |    19 |    26 |    55 |   115 ||   215
